 Dungeon Crawl Stone Soup version 0.19.4-8-ga85b6b9 (webtiles) character file.

3296 sveltemanboy the Carver (level 9, -8/58 HPs)
             Began as a High Elf Skald on Feb 9, 2017.
             Was an Initiate of Ashenzari.
             Killed by divine providence
             ... invoked by an orc priest
              (12 damage)
             ... on level 8 of the Dungeon on Feb 10, 2017.
             The game lasted 00:21:16 (8688 turns).

sveltemanboy the Carver (High Elf Skald)            Turns: 8688, Time: 00:21:16

Health: -8/58      AC:  6    Str: 11    XL:     9   Next: 70%
Magic:  11/13      EV: 15    Int: 18    God:    Ashenzari [......]
Gold:   320        SH:  0    Dex: 17    Spells: 5 memorised, 1 level left

rFire  . . .     SeeInvis .     u - +1 scimitar (drain) (curse)
rCold  . . .     Gourm    .     b - +0 leather armour
rNeg   . . .     Faith    .     (no shield)
rPois  .         Spirit   .     D - +1 helmet (curse)
rElec  .         Reflect  .     p - +0 cloak (curse)
rCorr  .         Harm     .     (no gloves)
MR     .....                    (no boots)
Stlth  +.........               (no amulet)
                                (no ring)
                                (no ring)

@: about to teleport, shrouded, very slightly contaminated, hasted, very quick
A: no striking features
a: Curse Item, Renounce Religion


You were on level 8 of the Dungeon.
You worshipped Ashenzari.
Ashenzari was noncommittal.
You were not hungry.

You visited 2 branches of the dungeon, and saw 9 of its levels.

You collected 320 gold pieces.

Inventory:

Hand Weapons
 u - a cursed +1 scimitar of draining (weapon)
 A - a +2 short sword of holy wrath
Armour
 b - a +0 leather armour (worn)
 p - a cursed +0 cloak (worn)
 D - a cursed +1 helmet (worn)
Wands
 c - a wand of lightning (8/15)
 r - a wand of digging (13/24)
 E - a wand of iceblast (7/15)
 I - a wand of flame (8/48)
Scrolls
 f - 7 scrolls of remove curse
 g - 6 scrolls of enchant weapon
 h - 2 scrolls of magic mapping
Potions
 e - 2 potions of haste
 i - 3 potions of curing {unknown}
 j - 2 potions of agility {unknown}
 k - 2 potions of berserk rage {unknown}
 n - 2 potions of lignification {unknown}
 o - a potion of might {unknown}
 s - 2 potions of ambrosia {unknown}
 t - a potion of brilliance {unknown}
 v - a potion of cure mutation {unknown}
 w - a potion of invisibility {unknown}
 x - a potion of flight
 z - a potion of magic
 C - a potion of cancellation
Books
 H - a book of Misfortune

   Spells                             Type                      Level
   a - Confusing Touch                Hexes                        1
   b - Confuse                        Hexes                        3
   c - Gell's Gravitas                Hexes/Translocation          3
   d - Petrify                        Transmutation/Earth          4
   e - Metabolic Englaciation         Hexes/Ice                    5
   f - Yara's Violent Unravelling     Hexes/Transmutation          5
Comestibles
 d - 3 bread rations
 l - 7 meat rations
 m - a chunk of flesh
 q - a slice of pizza
 G - a royal jelly


   Skills:
 + Level 4.1 Fighting
 * Level 11.7 Long Blades
 - Level 3.0 Armour
 + Level 5.9 Dodging
 - Level 2.4 Spellcasting
 - Level 1.0 Hexes
 - Level 6.0 Charms
 - Level 2.0 Necromancy
 - Level 3.6 Translocations


You had one spell level left.
You knew the following spells:

 Your Spells              Type           Power        Failure   Level  Hunger
a - Infusion              Chrm           ###.         1%          1    #......
b - Song of Slaying       Chrm           ###.....     2%          2    ##.....
c - Shroud of Golubria    Chrm/Tloc      ###.......   6%          2    ##.....
d - Spectral Weapon       Hex/Chrm       ##......     17%         3    ###....
e - Regeneration          Chrm/Necr      ###.......   14%         3    ###....


Dungeon Overview and Level Annotations

Branches:
Dungeon (8/15)             Temple (1/1) D:6
   Lair: D:8-11

Altars:
Ashenzari
Cheibriados
Dithmenos
Elyvilon
Fedhas
Kikubaaqudgha
Makhleb
Ru
Trog
Uskayaw
Vehumet
Xom
Yredelemnul
The Shining One

Shops:
D:7 (


Message History

Confirm with . or Enter, or press ? or * to list all spells.
Space distorts slightly along a thin shroud covering your body.
Your song has ended.
The orc priest mumbles some strange prayers to Beogh against you.
Beogh smites you!
* * * LOW HITPOINT WARNING * * *
An orc priest comes into view. It is wielding a dagger.
The orc priest shouts!
The orc priest calls down the wrath of Beogh upon you.
Pain shoots through your body!
* * * LOW HITPOINT WARNING * * *
It was a potion of haste.
You feel yourself speed up. The quokka misses you.
The orc priest looks braver for a moment.
You are very lightly contaminated with residual magic.
As you read the scroll of teleportation, it crumbles to dust.
You feel strangely unstable.
The quokka bites you but does no damage.
The orc priest calls down the wrath of Beogh upon you.
Beogh smites you!
You die...

## #......... ##..
#.........
...###o........
#.#...#.#....... ##..
#..#......... ###..
#............
...####...or.......
.######....##............
........##..#..#@..%.....
######......#........##..
##....####.†...#....# #
#..#### #.............
##.## #.............)
#..# .....#.##........
..## #.##.##.# ........
.## #. #. #.# ........ .#
. #. #.# ......


You could see 2 orc priests and a quokka.

Vanquished Creatures
  Prince Ribbit (D:7)
  Sigmund (D:4)
  3 yaks (D:6)
  2 hungry ghosts
  Menkaure (D:7)
  An ice beast (D:7)
  4 ogres
  A phantom (D:5)
  5 centaurs
  2 big kobolds
  2 bullfrogs (D:8)
  3 scorpions
  A jelly (D:5)
  A crimson imp (D:7)
  3 bullfrog skeletons
  A quasit (D:5)
  A centaur zombie (D:6)
  4 hounds
  3 iguanas
  5 worker ants
  3 orc wizards
  Terence (D:2)
  A worker ant zombie (D:5)
  4 adders
  A worm (D:2)
  4 dart slugs
  5 leopard geckos
  16 orcs
  7 bats
  5 giant cockroaches
  7 hobgoblins
  19 jackals
  4 quokkas
  2 ball pythons (D:5)
  7 frilled lizards
  6 goblins
  2 goblin skeletons (D:5)
  3 goblin zombies (D:5)
  A hobgoblin zombie (D:5)
  17 kobolds
  A kobold skeleton (D:5)
  2 leopard gecko zombies (D:6)
  An orc skeleton (D:5)
  An orc zombie (D:5)
  3 quokka skeletons
  A quokka zombie (D:7)
  6 rats
175 creatures vanquished.

Notes
Turn   | Place    | Note
-------+----------+-------------------------------------------
     0 | D:1      | sveltemanboy the High Elf Skald began the quest for the Orb.
     0 | D:1      | Reached XP level 1. HP: 14/14 MP: 4/4
   246 | D:1      | Reached skill level 1 in Armour
   251 | D:1      | Reached XP level 2. HP: 2/19 MP: 0/6
   528 | D:1      | Learned a level 2 spell: Song of Slaying
   531 | D:1      | Learned a level 2 spell: Shroud of Golubria
   824 | D:1      | Reached skill level 3 in Long Blades
  1212 | D:1      | Reached XP level 3. HP: 24/24 MP: 7/7
  1617 | D:2      | Noticed Terence
  1637 | D:2      | Killed Terence
  1637 | D:2      | Reached XP level 4. HP: 11/29 MP: 3/8
  1920 | D:2      | Found a shadowy altar of Dithmenos.
  2042 | D:2      | Reached skill level 4 in Long Blades
  2157 | D:2      | Found a bloodstained altar of Trog.
  2157 | D:2      | Found a white marble altar of Elyvilon.
  2420 | D:3      | Found a radiant altar of Vehumet.
  2783 | D:3      | Reached skill level 5 in Charms
  3371 | D:4      | Reached skill level 1 in Translocations
  3371 | D:4      | Reached XP level 5. HP: 33/34 MP: 6/9
  3398 | D:4      | Noticed an ogre
  3408 | D:4      | Killed an ogre
  3408 | D:4      | Reached skill level 5 in Long Blades
  3660 | D:4      | Noticed Sigmund
  3675 | D:4      | Killed Sigmund
  3675 | D:4      | Reached XP level 6. HP: 22/39 MP: 4/10
  3688 | D:4      | Reached skill level 6 in Long Blades
  4122 | D:4      | Learned a level 3 spell: Spectral Weapon
  4560 | D:4      | Reached XP level 7. HP: 42/45 MP: 8/11
  4631 | D:5      | Entered Level 5 of the Dungeon
  4646 | D:5      | Noticed a hungry ghost
  4726 | D:5      | Killed a hungry ghost
  4726 | D:5      | Reached skill level 7 in Long Blades
  4772 | D:5      | Found a glowing golden altar of the Shining One.
  4995 | D:5      | Found Ziqenujets's General Store.
  5423 | D:5      | Reached skill level 8 in Long Blades
  5721 | D:5      | Reached XP level 8. HP: 19/50 MP: 3/12
  5989 | D:5      | Found a burning altar of Makhleb.
  6350 | D:6      | Learned a level 3 spell: Regeneration
  6512 | D:6      | Found a staircase to the Ecumenical Temple.
  6518 | Temple   | Entered the Ecumenical Temple
  6526 | Temple   | Became a worshipper of Ashenzari the Shackled
  6645 | D:6      | Found a blossoming altar of Fedhas.
  7035 | D:6      | Reached skill level 1 in Hexes
  7113 | D:6      | Reached skill level 9 in Long Blades
  7211 | D:6      | Reached skill level 1 in Necromancy
  7507 | D:6      | Reached skill level 10 in Long Blades
  7946 | D:7      | Reached XP level 9. HP: 47/54 MP: 7/13
  8031 | D:7      | Noticed Prince Ribbit
  8039 | D:7      | Killed Prince Ribbit
  8039 | D:7      | Reached skill level 5 in Dodging
  8085 | D:7      | Noticed Menkaure
  8098 | D:7      | Killed Menkaure
  8098 | D:7      | Reached skill level 11 in Long Blades
  8227 | D:7      | Found Nuthutij's Antique Weapon Shoppe.
  8688 | D:8      | Killed from afar by an orc priest

Skill      XL: |  1  2  3  4  5  6  7  8  9 |
---------------+----------------------------+-----
Armour         | 1 2 3 |  3.0
Charms         | 4 5 6 |  6.0
Long Blades    | 3 4 5 6 8 10 11 | 11.7
Dodging        | 2 4 5 |  5.9
Translocations | 1 3 |  3.6
Hexes          | 1 |  1.0
Necromancy     | 2 |  2.0
Fighting       | 4 |  4.1
Spellcasting   | |  2.4

Action                   |  1- 3 |  4- 6 |  7- 9 || total
-------------------------+-------+-------+-------++-------
Melee: Falchion          |   108 |       |       ||   108
       Short sword       |       |   151 |   200 ||   351
       Scimitar          |       |       |   114 ||   114
 Cast: Infusion          |     1 |     1 |       ||     2
       Shroud of Golubri |     4 |     9 |    16 ||    29
       Song of Slaying   |     4 |     3 |     3 ||    10
       Spectral Weapon   |       |       |    10 ||    10
       Regeneration      |       |       |     2 ||     2
Invok: Curse Item        |       |       |     3 ||     3
Evoke: Wand              |       |       |     9 ||     9
  Use: Scroll            |       |     1 |    14 ||    15
       Potion            |       |       |     1 ||     1
 Stab: Sleeping          |       |     1 |     1 ||     2
       Distracted        |       |       |     1 ||     1
  Eat: Chunk             |     3 |    10 |    17 ||    30
Armor: Leather armour    |    25 |    22 |    50 ||    97
Dodge: Dodged            |    91 |    86 |   178 ||   355
       Rpst.: Falchion   |    31 |       |       ||    31
       Scimitar          |       |       |    18 ||    18
